AoeStats
← AKI :D

Arabia

510835224Analyzed
1v1 RM · 1d ago on Oct 2, 2026· 34m 5s· 2 players
Game mode
Random Map
Map size
Tiny (2 player)
Population
200
Speed
Normal
Resources
Standard
Victory
Conquest
Starting age
Dark Age
Ending age
Imperial Age
RankedLock teamsTeams togetherTeam positionsShared explorationLock speedFull tech treeHidden civsTurbo modeCheats
Victory
Defeat
🇮🇳 Mongols · India
1103
+16
🇫🇮 Magyars · Finland
1103
-16
Infadel
9:18 Feudal Age
7:34 Loom
10:37 Double-Bit Axe
16:03 Forging
19:10 Scale Barding Armor
23:21 Castle Age
23:39 Bloodlines
23:52 Fletching
24:03 Padded Archer Armor
23:26 Light Cavalry
24:22 Bloodlines
24:21 Town Watch
24:49 Bow Saw
25:10 Chain Barding Armor
29:29 Thumb Ring
29:15 Horse Collar
31:02 Wheelbarrow
31:11 Elite Skirmisher
AKI :D
6:50 Loom
9:35 Feudal Age
10:12 Double-Bit Axe
13:02 Horse Collar
21:47 Castle Age
21:08 Fletching
23:06 Bodkin Arrow
24:29 Padded Archer Armor
25:02 Gold Mining
26:37 Bloodlines
26:28 Husbandry
28:07 Bow Saw
31:46 Ballistics
33:07 Thumb Ring
Connection lost

Rejoining the realm…

Still unreachable

The connection could not be restored.

Session expired

The server has moved on; the page needs a fresh start.